 Dungeon Crawl Stone Soup version 0.28-a0-1206-g193881aaa2 (webtiles) character file.

Game seed: 17659913047518623809

430 siradein the Caller (level 6, -2/41 HPs)
             Began as a Demonspawn Summoner on Dec 21, 2021.
             Killed from afar by an orc wizard (11 damage)
             ... with a magic dart
             ... on level 4 of the Dungeon.
             The game lasted 00:26:43 (6096 turns).

siradein the Caller (Demonspawn Summoner)           Turns: 6096, Time: 00:26:43

Health: -2/41      AC:  6    Str:  9    XL:     6   Next: 66%
Magic:  20/20      EV: 13    Int: 18    God:
Gold:   114        SH:  0    Dex: 13    Spells: 3/12 levels left

rFire   . . .      SeeInvis .   w - +0 trident
rCold   + . .      Faith    .   (no shield)
rNeg    . . .      Spirit   .   a - +0 robe
rPois   .          Reflect  .   y - +1 hat
rElec   .          Harm     .   h - +0 cloak
rCorr   .          Rampage  .   (no gloves)
Will    .....                   (no boots)
Stlth   ++........              (no amulet)
HPRegen 0.13/turn               q - ring of protection from cold
MPRegen 0.17/turn               A - ring of magical power

@: no status effects
A: horns 1, icy blue scales 1, condensation shield
a: no special abilities


You were on level 4 of the Dungeon.
You visited 1 branch of the dungeon, and saw 4 of its levels.
You also visited: Sewer.

You collected 114 gold pieces.

Inventory:

Hand Weapons
 w - a +0 trident (weapon)
Armour
 a - a +0 robe (worn)
 h - a +0 cloak (worn)
 y - a +1 hat (worn)
Jewellery
 b - a ring of resist corrosion
 e - a ring of positive energy
 q - a ring of protection from cold (left hand)
 A - a ring of magical power (right hand)
Scrolls
 c - 2 scrolls of vulnerability {unknown}
 f - 3 scrolls of teleportation
 i - 2 scrolls of fog
 l - 3 scrolls of identify {unknown}
 m - 3 scrolls of noise {unknown}
 r - a scroll of blinking {unknown}
 u - a scroll of enchant weapon {unknown}
 z - a scroll of amnesia {unknown}
Potions
 d - a potion of lignification {unknown}
 g - a potion of berserk rage {unknown}
 j - a potion of brilliance {unknown}
 k - a potion of ambrosia {unknown}
 n - a potion of attraction {unknown}
 o - a potion of invisibility {unknown}
 p - 4 potions of heal wounds {unknown}
 s - a potion of mutation {unknown}
 t - 3 potions of cancellation {unknown}
 v - 2 potions of degeneration {unknown}
 x - a potion of curing {unknown}


   Skills:
 + Level 3.7 Dodging
 - Level 1.7 Stealth
 + Level 3.9 Spellcasting
 + Level 2.1 Hexes
 + Level 5.4 Summonings


You had 3 spell levels left.
You knew the following spells:

 Your Spells              Type           Power      Damage    Failure   Level
a - Summon Small Mammal   Summ           92%        N/A       1%          1
b - Call Imp              Summ           23%        N/A       2%          2
c - Call Canine Familiar  Summ           23%        N/A       4%          3
d - Summon Guardian Gole  Hex/Summ       17%        N/A       10%         3

Your spell library contained the following spells:

 Spells                   Type           Power      Damage    Failure   Level
 Slow                     Hex            44%        N/A       6%          1
 Confusing Touch          Hex            11%        N/A       19%         3
 Summon Lightning Spire   Summ/Air       13%        N/A       43%         4
 Yara's Violent Unravell  Hex/Tmut       3%         3d4       95%         5


Dungeon Overview and Level Annotations

Branches:
Dungeon (4/15)              Sewer (visited)
 Temple: D:4-7

Altars:
Beogh

Shops:
D:3 =

Annotations:
D:3 Grinder
D:4 Menkaure


Innate Abilities, Weirdness & Mutations

You have a pair of small horns on your head.
You are partially covered in icy blue scales. (AC +2)
A meltable shield of frost defends you. (SH +0)


Message History

The ogre convulses!
The howler monkey convulses!
Something is bathed in an unholy light!
Your hound convulses!
Your body is wracked with pain!
You hear some strange, mumbled words.
A magic dart appears from out of thin air!
The magic dart hits you.
The howler monkey hits your hound but does no damage.
Your hound bites the howler monkey.
The howler monkey barely misses your hound.
Your hound bites the howler monkey.
A kobold comes into view. It is wielding a +0 club.
Your crimson imp barely misses something.
Your hound bites the howler monkey but does no damage.
The howler monkey closely misses your hound.
Menkaure calls on the powers of darkness!
The ogre convulses!
Your hound convulses!
Something is bathed in an unholy light!
Your body is wracked with pain!
* * * LOW HITPOINT WARNING * * *
Your crimson imp blinks!
Your hound bites the howler monkey.
The howler monkey dies!
Menkaure closely misses your hound.
Your crimson imp barely misses something.
There is an open door here.
You hear some strange, mumbled words.
A puff of flame appears from out of thin air!
The puff of flame misses you.
Your crimson imp barely misses something.
You hear some strange, mumbled words.
Something tries to affect you, but you resist.
There is an open door here.
Your crimson imp blinks!
Menkaure calls on the powers of darkness!
Something is bathed in an unholy light!
Your body is wracked with pain!
* * * LOW HITPOINT WARNING * * *
A magic dart appears from out of thin air!
The magic dart hits you!
You die...

#.#..#.#'#....M...# #.#
#5.#.###5#.###5.#.# #.#
..#.###...#.#....#.# #.#
#.###.h.###.#.##{#.#######.#
###.OM### #.#.##.#.#.......#
#..# #.#.##.#.#.####### ##.
#.#.##.#.#.# # #.#.##...#.#
#.#.##@..#.# #.#.##..>#)#
#.#.##.###.# #.#.##<# #.#
#.#.######.# ######
#.#......#.# #....#
#.######.#.# #.##.#
#......#.#.#######.##.#
######.#.#.........##.#


You could see a friendly crimson imp (summoned).

Vanquished Creatures
  2 orc priests
  An orc wizard (D:3)
  A gnoll (D:2)
  2 adders
  A river rat (Sewer)
  A dart slug (D:3)
  9 orcs
  4 ball pythons
  2 endoplasms
  5 goblins
  2 hobgoblins
  A kobold (D:3)
  8 frilled lizards
  4 rats
43 creatures vanquished.

Vanquished Creatures (collateral kills)
  The ghost of AigisTheKnight the Gusty, an amateur DrAE of Zin (D:3)
  A howler monkey (D:4)
  An iguana (D:4)
  Natasha (D:4)
  3 gnolls (D:2)
  A river rat (Sewer)
  3 adders
  A worm (D:3)
  6 orcs
  A bat (D:1)
  2 endoplasms (D:1)
  2 goblins
  A hobgoblin (D:1)
  A kobold (D:1)
  2 quokkas
  A ball python (D:1)
  3 frilled lizards
  3 rats
34 creatures vanquished.

Vanquished Creatures (others)
  An orc (D:3)
1 creature vanquished.

Grand Total: 78 creatures vanquished

Notes
Turn   | Place    | Note
-------+----------+-------------------------------------------
     0 | D:1      | siradein the Demonspawn Summoner began the quest for the
                  | Orb.
     0 | D:1      | Reached XP level 1. HP: 13/13 MP: 3/3
   760 | D:1      | Found a faded altar of an unknown god.
   831 | D:1      | Gained mutation: You are partially covered in icy blue
                  | scales. (AC +2) [demonic ancestry]
   831 | D:1      | Reached XP level 2. HP: 19/19 MP: 3/5
   844 | D:1      | Learned a level 2 spell: Call Imp
  1575 | D:2      | Gained mutation: You have a pair of small horns on your
                  | head. [demonic ancestry]
  1575 | D:2      | Reached XP level 3. HP: 24/24 MP: 1/6
  1803 | D:2      | Learned a level 3 spell: Call Canine Familiar
  2066 | D:2      | Gained mutation: A meltable shield of frost defends you.
                  | (SH +0) [demonic ancestry]
  2066 | D:2      | Reached XP level 4. HP: 30/30 MP: 6/8
  2533 | D:3      | Found a glowing drain.
  2547 | Sewer    | Entered a sewer
  2901 | Sewer    | Reached XP level 5. HP: 31/35 MP: 9/9
  3079 | Sewer    | Learned a level 3 spell: Summon Guardian Golem
  3414 | D:3      | Reached skill level 5 in Summonings
  3715 | D:3      | Found Xetal's Jewellery Emporium.
  3741 | D:3      | Found a runed translucent gate.
  3741 | D:3      | Noticed AigisTheKnight's ghost (amateur DrAE)
  4207 | D:3      | Found a runed translucent gate.
  4208 | D:3      | Found a runed translucent gate.
  4287 | D:3      | Reached skill level 1 in Hexes
  4965 | D:4      | Noticed Grinder
  4968 | D:4      | Noticed Natasha
  5032 | D:3      | Killed AigisTheKnight's ghost
  5033 | D:3      | Reached XP level 6. HP: 12/41 MP: 7/11
  5291 | D:4      | Killed Natasha
  5705 | D:4      | Noticed Menkaure
  6096 | D:4      | Killed from afar by an orc wizard

Illustrated notes

Levels and vault maps discovered:
D:1:      zelgadis_glass_arrival_small, layout_loops_cross,
          dilly_ecumenical_altar_fadedgnrine, st_stairs_14, hex_large,
          glass_columns_a, minmay_misc_feat_tiny
D:2:      wander_river, layout_basic, serial_aquarium, aquarium_bridge_square
          [aquarium_subvault_balcony, aquarium_subvault_bridge,
          aquarium_subvault_wall, aquarium_subvault_bridge],
          aquarium_window_fake, aquarium_window_2, aquarium_window_fake,
          aquarium_window_1, aquarium_view_2e, aquarium_balcony_3a
D:3:      layout_basic, biasface_ghost_orc_armoury, cheibrodos_sewer_entry_bend,
          serial_shops, nicolae_shop_window_shopping, minmay_ruptured
D:4:      minmay_razor_zed, layout_basic, minmay_diced_spiral, uniq_natasha,
          uniq_grinder, uniq_menkaure

Skill      XL: |  1  2  3  4  5  6 |
---------------+-------------------+-----
Dodging        | 2 3 |  3.7
Spellcasting   | 3 |  3.9
Summonings     | 5 |  5.4
Hexes          | 1 2 |  2.1
Stealth        | |  1.7

Action                   |  1- 3 |  4- 6 || total
-------------------------+-------+-------++-------
Melee: Unarmed           |    15 |       ||    15
       Dagger            |    30 |       ||    30
       Spear             |     8 |   123 ||   131
       Headbutt          |       |    16 ||    16
       Trident           |       |    77 ||    77
 Cast: Summon Small Mamm |    16 |       ||    16
       Call Imp          |    14 |    39 ||    53
       Call Canine Famil |       |    15 ||    15
  Use: Scroll            |       |     2 ||     2
 Stab: Sleeping          |     1 |     5 ||     6
       Distracted        |       |     1 ||     1
Armor: Robe              |    13 |    26 ||    39
Dodge: Dodged            |    31 |    70 ||   101
Block: Other             |       |    19 ||    19

Table legend: (Time is in decaauts)
 A = Elapsed time spent in this place.
 B = Non-inter-level travel time spent in this place.
 C = Inter-level travel time spent in this place.
 D = Time resting spent in this place.
 E = Time spent auto-exploring this place.
 F = Levels seen in this place.
 G = Mean time per level.
                   A        B        C        D        E       F      G
               +--------+--------+--------+--------+--------+-----+--------+
         Total |   6218 |   6177 |     41 |    525 |   4159 |   5 | 1243.6 |
       Dungeon |   5347 |   5306 |     41 |    525 |   3495 |   4 | 1336.8 |
         Sewer |    870 |    870 |      0 |      0 |    664 |   1 |  870.0 |
               +--------+--------+--------+--------+--------+-----+--------+

Top non-repeatable levels by time:
     D:3: 2077 daAuts
     D:1: 1336 daAuts
     D:2: 1066 daAuts
   Sewer: 870 daAuts
     D:4: 867 daAuts
